 Dungeon Crawl Stone Soup version 0.18.1-48-g4cf74bf (webtiles) character file.

56 Gargoyl the Skirmisher (level 3, -1/30 HPs)
             Began as a Demonspawn Abyssal Knight on Sept 8, 2016.
             Was a Believer of Lugonu.
             Slain by Crazy Yiuf
             ... wielding a +4 quarterstaff of chaos
              (7 damage)
             ... on level 2 of the Dungeon.
             The game lasted 00:02:34 (1814 turns).

Gargoyl the Skirmisher (Demonspawn Abyssal Knight)  Turns: 1814, Time: 00:02:34

Health: -1/30      AC:  7    Str: 13    XL:     3   Next: 69%
Magic:  4/4        EV: 10    Int: 13    God:    Lugonu [**....]
Gold:   85         SH:  0    Dex: 12    Spells: 0 memorised, 2 levels left

rFire  . . .     SeeInvis .     a - +1 hand axe
rCold  . . .     Gourm    .     r - +0 ring mail
rNeg   . . .     Faith    .     (no shield)
rPois  .         Spirit   .     (no helmet)
rElec  .         Dismiss  .     (no cloak)
rCorr  .         Reflect  .     q - +0 pair of gloves
SustAt .         Harm     .     (no boots)
MR     .....                    (no amulet)
Stlth  ..........               (no ring)
                                e - ring of flight (curse)

@: confused, lethally poisoned (-1 -> -5), flying, slowed, drained, very slow,
not resistant to hostile enchantments, extremely unstealthy
A: rugged brown scales 1
a: Depart the Abyss, Bend Space, Renounce Religion


You were on level 2 of the Dungeon.
You worshipped Lugonu.
Lugonu was pleased with you.
You were not hungry.

You visited 1 branch of the dungeon, and saw 2 of its levels.
You visited the Abyss 1 time.

You collected 85 gold pieces.

Inventory:

Hand Weapons
 a - a +1 hand axe (weapon)
Armour
 q - a +0 pair of gloves (worn)
 r - a +0 ring mail (worn)
Jewellery
 e - a cursed ring of flight (left hand)
Scrolls
 f - 2 scrolls of identify {unknown}
 h - a scroll of recharging {unknown}
 i - a scroll of remove curse {unknown}
 k - a scroll of enchant weapon {unknown}
 l - 2 scrolls of magic mapping {unknown}
 o - a scroll of fear {unknown}
Potions
 m - a potion of heal wounds {unknown}
 n - a potion of curing {unknown}
Comestibles
 b - 5 chunks of flesh
 c - 5 bread rations
 j - a meat ration
 p - a slice of pizza
 s - a royal jelly


   Skills:
 + Level 3.9(3.6) Fighting
 + Level 2.1(1.8) Axes
 * Level 2.1(1.8) Armour
 + Level 1.7(1.5) Dodging
 + Level 2.4(2.1) Invocations


You had 2 spell levels left.
You didn't know any spells.

Dungeon Overview and Level Annotations

Branches:
Dungeon (2/15)

Altars:

Annotations:
D:2 Crazy Yiuf


Innate Abilities, Weirdness & Mutations

You are partially covered in rugged brown scales (AC +1, +3% HP).


Message History

Crazy Yiuf misses you.
You hit Crazy Yiuf but do no damage.
Crazy Yiuf is moderately wounded.
* * * LOW HITPOINT WARNING * * *
You feel sick.
Crazy Yiuf hits you with a quarterstaff of chaos.
* * * LOW HITPOINT WARNING * * *
You feel yourself slow down. Crazy Yiuf hits you but does no damage.
Drink which item? (? for menu, Esc to quit)
It was a potion of ambrosia.
You are confused.
You feel invigorated.
You feel sick.
Crazy Yiuf hits you with a quarterstaff of chaos.
* * * LOW HITPOINT WARNING * * *
x2 Drink which item? (? for menu, Esc to quit)
It was a potion of flight.
You feel very buoyant.
You fly up into the air.
You feel sick.
Crazy Yiuf hits you with a quarterstaff of chaos!
You die...

..####....##
##.#.##. .
#....#
#####.......
♣....♣
#.[.....>...
♣♣♣..♣
#...#.......
♣.♣♣
#...#.......
♣♣.♣
##)##.......
♣.♣♣
#.##.......
♣♣.♣
#.##.......
♣@♣♣
#.##.......
#g#
##'##.......
...
#...#.......
#...#
#...######..
#)..# #...#
##### ##'##
#.#
##########.##
#...........#


You could see Crazy Yiuf.

Vanquished Creatures
  An adder (D:2)
  An ooze (D:1)
  2 dart slugs
  A giant gecko (D:2)
  A ball python (D:1)
  A giant cockroach (D:2)
  3 goblins
  3 hobgoblins (D:1)
  4 jackals (D:1)
  5 kobolds
  6 bats (D:1)
  A giant newt (D:1)
  8 rats (D:1)
37 creatures vanquished.

Notes
Turn   | Place    | Note
--------------------------------------------------------------
     0 | Abyss:1  | Gargoyl the Demonspawn Abyssal Knight began the quest for the Orb.
     0 | Abyss:1  | Reached XP level 1. HP: 18/18 MP: 2/2
    23 | Abyss:1  | Found a corrupted altar of Lugonu.
    58 | Abyss:1  | Found a radiant altar of Vehumet.
    61 | Abyss:1  | Found a corrupted altar of Lugonu.
   150 | Abyss:1  | Noticed a chaos spawn
   159 | D:1      | Escaped the Abyss
   297 | D:1      | Reached * piety under Lugonu
   297 | D:1      | Gained mutation: You are partially covered in rugged brown scales (AC +1, +3% HP). [demonic ancestry]
   297 | D:1      | Reached XP level 2. HP: 9/24 MP: 3/3
   304 | D:1      | Reached skill level 1 in Dodging
  1106 | D:1      | Reached XP level 3. HP: 30/30 MP: 4/4
  1601 | D:2      | Reached ** piety under Lugonu
  1804 | D:2      | Noticed Crazy Yiuf
  1812 | D:2      | HP: 1/30 [Crazy Yiuf/quarterstaff of chaos (4)]
  1814 | D:2      | Slain by Crazy Yiuf

Skill      XL: |  1  2 |
---------------+-------+-----
Armour         | 2 |  2.1
Dodging        | 1 |  1.7
Axes           | 2 |  2.1
Fighting       | |  3.9
Invocations    | |  2.4

Action                   || total
-------------------------++-------
Melee: Hand axe          ||   116
Invok: Depart the Abyss  ||     1
  Use: Potion            ||     2
  Eat: Chunk             ||     3
Armor: Leather armour    ||    42
       Ring mail         ||     1
Dodge: Dodged            ||    92
